 Dungeon Crawl Stone Soup version 0.21.0-3-g78d12a8 (webtiles) character file.

3075 EphemeralWolf the Covert (level 9, -28/61 HPs)
             Began as an Octopode Assassin on Jan 10, 2018.
             Was an Initiate of Dithmenos.
             Annihilated by an orc warrior
             ... wielding a +0 hand axe
              (31 damage)
             ... on level 8 of the Dungeon.
             The game lasted 01:33:32 (7097 turns).

EphemeralWolf the Covert (Octopode Assassin)        Turns: 7097, Time: 01:33:33

Health: -28/61     AC:  9    Str: 11    XL:     9   Next: 88%
Magic:  9/9        EV: 16    Int: 13    God:    Dithmenos [......]
Gold:   883        SH:  8    Dex: 16    Spells: 8/8 levels left

rFire    x . .     SeeInvis .   j - +1 dagger (protect) {potential?}
rCold    + . .     Gourm    +   I - +0 shield
rNeg     . . .     Faith    .   Q - +1 hat
rPois    +         Spirit   .   J - amulet of the gourmand
rElec    .         Reflect  .   M - ring of ice
rCorr    +         Harm     .   T - ring of poison resistance
MR       .....                  X - +2 ring of evasion
Stlth    ++++++....             n - ring of resist corrosion
HPRegen  0.20/turn              (no ring)
MPRegen  0.11/turn              (no ring)
                                (no ring)
                                (no ring)

@: protection aura, drained
A: almost no armour, stealthy swim, amphibious, 8 rings, constrict 8, camouflage
1, gelatinous body 1
a: Renounce Religion


You were on level 8 of the Dungeon.
You worshipped Dithmenos.
Dithmenos was noncommittal.
You were not hungry.

You visited 2 branches of the dungeon, and saw 9 of its levels.

You collected 1535 gold pieces.
You paid 652 gold pieces to Gozag.

Inventory:

Hand Weapons
 a - a +2 dagger
 e - a +0 short sword of flaming
 j - a +1 dagger of protection (weapon) {potential?}
 r - a +0 vampiric dagger
 s - a +0 rapier
 u - a +0 shortbow
 v - a +4 short sword
 x - a +0 dagger
 z - a +0 dagger
 B - a +0 dagger
 F - a cursed -3 glaive
 O - a +1 dagger of venom
 P - a +0 blowgun
 Y - a +0 dagger
Missiles
 b - 63 arrows
 c - 50 poisoned needles (quivered)
 d - 2 curare-tipped needles
 i - 173 stones
 t - 5 javelins
 C - 42 bolts
 U - 37 sling bullets
Armour
 I - a +0 shield (worn)
 Q - a +1 hat (worn)
Jewellery
 n - a ring of resist corrosion (on tentacle)
 J - an amulet of the gourmand (around mantle)
 M - a ring of ice (left tentacle)
 T - a ring of poison resistance (right tentacle)
 X - a +2 ring of evasion (on tentacle)
Wands
 h - a wand of digging (7)
 k - a wand of scattershot (7)
 D - a wand of clouds (6)
 G - a wand of iceblast (7)
 H - a wand of random effects (33)
Scrolls
 m - a scroll of teleportation
 w - a scroll of magic mapping
 A - a scroll of noise
 L - 2 scrolls of blinking
 R - a scroll of remove curse
Potions
 g - 3 potions of lignification
 l - 4 potions of curing
 o - a potion of berserk rage {unknown}
 p - a potion of brilliance {unknown}
 q - a potion of flight {unknown}
 K - 2 potions of mutation
 N - a potion of heal wounds {unknown}
 S - 2 potions of agility
 V - a potion of might
Comestibles
 f - 9 rations


   Skills:
 * Level 5.2(4.9) Fighting
 * Level 7.4(7.1) Short Blades
 + Level 2.0(1.7) Throwing
 * Level 5.6(5.4) Dodging
 * Level 12.3(12.0) Stealth
 * Level 2.5(2.3) Shields


You had 8 spell levels left.
You didn't know any spells.

Dungeon Overview and Level Annotations

Branches:
Dungeon (8/15)             Temple (1/1) D:5
   Lair: D:8-11

Altars:
Ashenzari
Cheibriados
Dithmenos
Elyvilon
Fedhas
Gozag
Hepliaklqana
Kikubaaqudgha
Makhleb
Nemelex Xobeh
Okawaru
Qazlal
Ru
Sif Muna
Trog
Uskayaw
Vehumet
Wu Jian
Xom
Yredelemnul
Zin
The Shining One

Shops:
D:5 %


Innate Abilities, Weirdness & Mutations

You cannot wear most types of armour.
You are very stealthy in the water. (Stealth+)
You are amphibious.
You can wear up to eight rings at the same time.
You can use your tentacles to constrict eight enemies at once.
Your skin changes colour to match your surroundings (Stealth+).
Your rubbery body absorbs attacks. (AC +1, EV +1)


Message History

Your weapon exudes an aura of protection.
Your grab misses the orc warrior.
The orc warrior is moderately wounded.
You hit the orc warrior. You grab the orc warrior.
You squeeze the orc warrior, but do no damage.
The orc warrior is moderately wounded.
You constrict the orc warrior, but do no damage.
You block the orc warrior's attack.
You hit the orc warrior but do no damage.
You squeeze the orc warrior.
The orc warrior is moderately wounded.
You constrict the orc warrior.
The orc warrior hits you with a hand axe!
* * * LOW HITPOINT WARNING * * *
An adder and an orc come into view.
You release your grip on the orc warrior.
The orc moves out of view.
The orc warrior hits you with a hand axe!!
Ouch! That really hurt!
You die...

.....#......+.........#.....
.....'......#.........'.....
.....#......#.......S.#
####'#......#.........# $
............###+.##.S.#
...............#.##.o.##########
.............§#§§.#)...........+
.............#§#§#§#...........#.
..............§§@o§o...........#.
.......#####.#§#§#§#...........#.
.......# #..#§§§#....).......#.
.<.....# #...#§##............#.
.......# #......#............#.
.......# #......############'#.
.......# ######.. ............
.......# .. ...........# .......#
...........#


You could see an orc warrior (berserk).

Vanquished Creatures
  A hungry ghost (D:7)
  Duvessa (D:5)
  2 orc warriors
  3 ice beasts
  A sky beast (D:6)
  An ogre (D:6)
  2 centaurs (D:6)
  4 bullfrogs
  A wyvern skeleton (D:6)
  Dowan (D:5)
  2 scorpions
  3 wights (D:7)
  5 howler monkeys
  A crimson imp (D:6)
  2 jellies
  A quasit (D:7)
  10 hounds
  3 orc priests
  An iguana (D:6)
  11 orc wizards
  3 worker ants
  A worker ant zombie (D:5)
  2 howler monkey zombies
  2 howler monkey skeletons (D:5)
  13 adders
  An adder zombie (D:6)
  2 adder skeletons
  5 worms
  4 dart slugs
  6 leopard geckos
  35 orcs
  9 bats
  3 giant cockroaches
  5 goblins
  12 hobgoblins
  10 jackals
  7 quokkas
  3 frilled lizards
  20 kobolds
  2 leopard gecko zombies (D:5)
  11 rats
212 creatures vanquished.

Notes
Turn   | Place    | Note
-------+----------+-------------------------------------------
     0 | D:1      | EphemeralWolf the Octopode Assassin began the quest for the Orb.
     0 | D:1      | Reached XP level 1. HP: 14/14 MP: 1/1
   137 | D:1      | Reached XP level 2. HP: 18/19 MP: 2/2
   268 | D:1      | Reached skill level 6 in Stealth
   399 | D:1      | Reached XP level 3. HP: 18/24 MP: 3/3
  1083 | D:2      | Found a shimmering altar of Xom.
  1094 | D:2      | Reached skill level 7 in Stealth
  1094 | D:2      | Reached XP level 4. HP: 26/29 MP: 4/4
  1102 | D:2      | Found an opulent altar of Gozag.
  1126 | D:2      | Found a snail-covered altar of Cheibriados.
  1138 | D:2      | Found a shattered altar of Ashenzari.
  1171 | D:2      | Became a worshipper of Gozag Ym Sagoz the Greedy
  1657 | D:3      | Reached XP level 5. HP: 35/35 MP: 5/5
  1939 | D:3      | You fall through a shaft!
  2021 | D:3      | Reached skill level 8 in Stealth
  2052 | D:3      | Found an iron altar of Okawaru.
  3167 | D:4      | Reached XP level 6. HP: 41/41 MP: 6/6
  3458 | D:5      | Entered Level 5 of the Dungeon
  3560 | D:5      | Reached skill level 9 in Stealth
  3700 | D:5      | Reached XP level 7. HP: 27/46 MP: 7/7
  3746 | D:5      | Noticed a moth of wrath
  4041 | D:5      | Found a staircase to the Ecumenical Temple.
  4055 | Temple   | Entered the Ecumenical Temple
  4229 | D:5      | Noticed Dowan
  4230 | D:5      | Noticed Duvessa
  4246 | D:5      | Killed Dowan
  4445 | D:5      | Killed Duvessa
  4651 | D:5      | Reached skill level 5 in Short Blades
  4651 | D:5      | Reached XP level 8. HP: 31/54 MP: 8/8
  4972 | D:5      | Found a bloodstained altar of Trog.
  5314 | D:6      | Reached skill level 10 in Stealth
  5387 | D:6      | Reached skill level 1 in Shields
  5801 | D:6      | Reached skill level 11 in Stealth
  5801 | D:6      | Reached XP level 9. HP: 56/59 MP: 9/9
  6334 | D:7      | Reached skill level 5 in Dodging
  6462 | D:7      | Reached skill level 5 in Fighting
  6648 | D:7      | Reached skill level 12 in Stealth
  6989 | D:8      | Found a shadowy altar of Dithmenos.
  7036 | D:8      | Fell from the grace of Gozag
  7036 | D:8      | Became a worshipper of Dithmenos the Shadowed
  7095 | D:8      | HP: 2/61 [orc warrior/hand axe (17)]
  7097 | D:8      | Annihilated by an orc warrior

Skill      XL: |  1  2  3  4  5  6  7  8  9 |
---------------+----------------------------+-----
Stealth        | 6 7 8 9 11 12 | 12.3
Short Blades   | 3 5 6 7 |  7.4
Dodging        | 2 3 4 5 |  5.6
Fighting       | 3 4 5 |  5.2
Shields        | 1 2 |  2.5
Throwing       | |  2.0

Action                   |  1- 3 |  4- 6 |  7- 9 || total
-------------------------+-------+-------+-------++-------
Melee: Dagger            |    67 |   170 |   407 ||   644
       Tentacles         |     7 |    29 |   101 ||   137
       Constrict         |    15 |    43 |    70 ||   128
       Rapier            |       |       |    13 ||    13
Invok: Call Merchant     |       |       |     1 ||     1
  Use: Scroll            |       |       |    14 ||    14
       Potion            |       |       |     1 ||     1
 Stab: Sleeping          |    13 |    20 |    27 ||    60
       Distracted        |     1 |     1 |     2 ||     4
  Eat: Chunk             |       |     1 |       ||     1
       Ration            |       |     2 |     5 ||     7
Armor: Skin              |     5 |     4 |    62 ||    71
Dodge: Dodged            |    29 |    63 |   138 ||   230
Block: Shield            |       |       |   102 ||   102
